Map: Новый Геттисберг РВ

Players

ELESTRAGO - Winner!

  • Race: Terran Terran
  • League: Master

Aureus

  • Race: Terran Terran
  • League: Master

VOD

Have the link to the VOD?

Description

Time

  • Played on: July 15, 2016, 5:37 p.m.
  • Length: 13:43
Show
View Real Time Build Order
Export as new Build Order

ELESTRAGO Terran - Winner!

Build Orders: Hellion Opening, Reaper Expand 

Get SALT Encoding   

  12  0:01  SCV  
  13  0:13  SCV  
  14  0:18  Supply Depot  
  14  0:25  SCV  
  15  0:28  Refinery  
  15  0:39  SCV  
  16  0:46  Barracks  
  16  0:51  SCV  
  17  1:03  SCV  
  18  1:16  SCV  
  19  1:33  Orbital Command, Reaper  
  20  1:50  Command Center  
  20  2:00  SCV  
  21  2:04  Factory  
  21  2:06  Barracks Reactor  
  21  2:14  Supply Depot  
  21  2:15  SCV  
  21  2:34  SCV  
  22  2:37  Refinery  
  22  2:46  SCV  
  22  2:50  Starport  
  23  2:52  Barracks Tech Lab  
  23  2:54  Hellion  
  23  2:55  Hellion  
  23  2:58  SCV  
  28  3:02  Orbital Command  
  28  3:10  SCV  
  29  3:18  Hellion x2  
  33  3:24  SCV  
  34  3:29  SCV  
  35  3:35  Raven  
  35  3:39  Hellion x2  
  41  3:41  SCV  
  41  3:43  SCV  
  43  3:50  Supply Depot  
  43  3:51  Barracks Reactor  
  43  3:56  SCV x2  
  43  4:00  Supply Depot  
  38  4:18  Hellion  
  38  4:19  Hellion  
  38  4:22  SCV x2  
  42  4:32  Supply Depot  
  42  4:36  Viking x2  
  42  4:38  SCV x2  
  48  4:44  Hellion x2  
  52  4:50  SCV x2  
  54  4:57  Supply Depot  
  54  5:02  SCV x2  
  54  5:05  Hellion x2  
  60  5:07  Viking  
  60  5:09  Viking  
  64  5:14  SCV  
  64  5:16  SCV  
  66  5:34  SCV x2  
  67  5:41  Command Center  
  67  5:48  Hellion x2  
  67  5:49  SCV x2, Viking x2  
  75  5:58  Factory  
  75  5:59  Refinery  
  75  6:00  Factory, Refinery  
  75  6:09  Hellion  
  77  6:11  SCV  
  77  6:15  Supply Depot  
  77  6:16  Supply Depot  
  78  6:37  SCV x2, Hellion x2, Armory x2  
  84  6:40  Medivac x2  
  84  6:42  Supply Depot  
  84  6:44  Factory Tech Lab, Supply Depot  
  88  6:49  SCV  
  89  7:06  Hellion x3  
  89  7:07  Hellion  
  89  7:08  Infernal Pre-Igniter  
  97  7:11  SCV  
  97  7:12  SCV  
  99  7:25  SCV x2, Engineering Bay  
  99  7:26  Supply Depot  
  99  7:28  Supply Depot  
  101  7:37  SCV x2  
  102  7:43  Orbital Command  
  103  7:46  Terran Vehicle And Ship Armor Level 1, Terran Vehicle Weapons Level 1  
  103  7:49  SCV x2  
  105  8:01  SCV x2, Hellion x3  
  105  8:02  Medivac, Hellion  
  105  8:03  Medivac  
  119  8:06  Marine  
  120  8:12  Refinery  
  120  8:13  SCV x2  
  120  8:14  SCV  
  120  8:15  Refinery  
  123  8:26  Sensor Tower, Missile Turret  
  123  8:33  Sensor Tower  
  117  8:47  Siege Tank x2  
  117  8:48  SCV x3, Hellion x2  
  130  9:00  Medivac x2  
  134  9:03  Factory  
  134  9:04  Factory  
  134  9:06  SCV x3  
  134  9:07  Missile Turret  
  134  9:08  Missile Turret  
  134  9:09  Supply Depot x2  
  137  9:10  Missile Turret, Supply Depot  
  137  9:17  Hellion x2  
  137  9:21  Hellion x4  
  141  9:30  SCV x2, Siege Tank x2  
  149  9:31  SCV, Supply Depot  
  149  9:32  Supply Depot  
  148  9:42  SCV  
  148  9:43  SCV  
  150  9:48  Factory Tech Lab  
  150  9:49  Factory Reactor  
  150  9:50  Drilling Claws, Hellion x2  
  150  9:51  Viking  
  84  9:52  Viking  
  156  9:56  SCV  
  156  9:57  SCV x2  
  161  10:02  Siege Tank x2  
  167  10:11  Command Center  
  167  10:22  Command Center  
  167  10:24  Liberator x2  
  165  10:33  Siege Tank  
  165  10:34  Siege Tank, Hellion x3  
  165  10:35  Hellion  
  179  10:41  Siege Tank  
  174  10:56  Hellion x4  
  178  11:06  Siege Tank  
  178  11:07  Siege Tank  
  182  11:13  Siege Tank  
  155  11:34  Hellion x2  
  155  11:35  Hellion  
  155  11:38  Siege Tank  
  155  11:39  Siege Tank  
  163  11:41  Medivac x2  
  163  11:45  Siege Tank, Starport  
  170  11:47  Hellion  
  172  11:56  Hellion x3  
  178  12:09  Hellion  
  178  12:10  Siege Tank  
  178  12:11  Hellion  
  178  12:12  Liberator  
  185  12:15  Supply Depot  
  185  12:18  Planetary Fortress  
  185  12:28  Hellion x3  
  185  12:29  Siege Tank  
  191  12:35  SCV x2  
  191  12:38  Refinery  
  191  12:39  Refinery  
  191  12:47  Siege Tank, Hellion x2  
  200  12:51  Hellion  
  200  12:56  Hellion x5  
  198  13:19  Command Center  
  198  13:20  Starport Reactor  
Show
View Real Time Build Order
Export as new Build Order

Aureus Terran 

Build Orders: Reaper Expand, MMM Bio 

Get SALT Encoding   

  12  0:00  SCV  
  13  0:13  SCV  
  14  0:19  Supply Depot  
  14  0:25  SCV  
  15  0:40  SCV  
  15  0:41  Barracks  
  16  0:44  Refinery  
  16  0:52  SCV  
  17  1:04  SCV  
  18  1:16  SCV  
  19  1:29  Orbital Command, Reaper  
  20  1:43  Command Center  
  20  1:54  SCV  
  20  1:57  Supply Depot  
  21  2:02  Barracks Reactor  
  21  2:06  SCV  
  22  2:19  SCV  
  23  2:31  SCV  
  23  2:32  Factory  
  23  2:33  Refinery  
  23  2:36  Barracks  
  24  2:40  Marine x2  
  24  2:43  SCV  
  27  2:55  SCV, Orbital Command  
  28  3:05  Marine x2  
  30  3:07  SCV  
  31  3:18  Starport, Widow Mine  
  31  3:19  SCV  
  34  3:23  Marine x2  
  36  3:33  Barracks Tech Lab, SCV x2  
  38  3:45  SCV x2  
  40  3:49  Widow Mine  
  40  3:54  Supply Depot  
  42  3:57  SCV  
  42  4:02  SCV, Marine  
  44  4:03  Marine  
  44  4:04  Stimpack  
  44  4:09  SCV  
  43  4:19  SCV  
  43  4:22  SCV  
  45  4:31  SCV  
  45  4:33  Marine x2, Supply Depot  
  45  4:34  SCV, Marine  
  45  4:35  Viking  
  45  4:36  Factory Tech Lab  
  52  4:43  SCV  
  52  4:45  Supply Depot  
  53  4:46  SCV  
  54  5:00  SCV x2  
  56  5:09  Starport Reactor  
  56  5:10  Siege Tank  
  56  5:11  Marine x3  
  56  5:12  SCV x2  
  64  5:14  Barracks  
  64  5:18  Engineering Bay  
  64  5:19  Supply Depot  
  64  5:26  Command Center  
  64  5:36  Marine x3  
  64  5:42  Siege Tank  
  69  5:54  Marine x3  
  72  5:58  Terran Infantry Weapons Level 1  
  72  6:00  Engineering Bay  
  72  6:01  Medivac x2  
  72  6:02  Armory  
  76  6:08  Barracks Reactor  
  76  6:10  SCV x2  
  76  6:11  Refinery x2  
  78  6:14  Supply Depot  
  78  6:26  Supply Depot  
  78  6:27  Supply Depot  
  78  6:28  Terran Infantry Armor Level 1  
  78  6:33  Missile Turret  
  78  6:35  Marine x3  
  78  6:37  Missile Turret  
  81  6:42  SCV x2  
  83  6:48  Marine x2  
  83  6:50  Siege Tank  
  83  6:53  Marine x3  
  90  6:56  SCV x2  
  90  7:00  Orbital Command  
  92  7:08  SCV  
  93  7:20  SCV x2  
  93  7:22  Marine x2  
  98  7:23  Marine x2, Siege Tank, Marauder  
  104  7:31  Starport  
  104  7:32  SCV  
  105  7:37  Starport  
  105  7:46  SCV x3  
  108  7:52  Supply Depot  
  108  7:56  Marine x3  
  108  7:57  Marauder  
  113  7:58  SCV  
  113  7:59  Medivac  
  113  8:03  Supply Depot  
  113  8:05  Supply Depot x3  
  115  8:08  Command Center  
  115  8:10  SCV x2  
  117  8:17  Combat Shields  
  117  8:19  Marine x2  
  118  8:20  Marine x2, Marauder  
  123  8:33  SCV x2  
  115  8:41  Marauder  
  115  8:42  Marine  
  115  8:43  Marine x3  
  115  8:48  Starport Reactor x2  
  113  8:49  Viking  
  113  8:53  SCV x3, Refinery  
  113  8:54  Refinery  
  118  9:00  Marine  
  118  9:01  Marine x3  
  122  9:05  SCV  
  122  9:06  Barracks  
  122  9:07  Barracks x3, Terran Infantry Weapons Level 2  
  122  9:09  Barracks, Terran Infantry Armor Level 2  
  123  9:18  Marine  
  123  9:20  SCV x3  
  123  9:21  Orbital Command  
  127  9:30  Marine x2  
  129  9:31  Marauder  
  129  9:32  SCV x3  
  129  9:35  Medivac x2  
  129  9:36  Concussive Shells  
  138  9:44  SCV x2  
  140  9:45  Viking x2  
  140  9:46  Viking  
  145  9:53  Supply Depot  
  145  9:55  Supply Depot  
  145  9:59  Medivac  
  146  10:05  Viking, Medivac  
  146  10:06  SCV x4  
  154  10:13  Marine x4  
  160  10:14  Marauder  
  160  10:15  Barracks Tech Lab  
  160  10:16  Barracks Tech Lab, Barracks Reactor x2  
  160  10:17  Barracks Tech Lab  
  160  10:18  SCV  
  160  10:19  SCV x3  
  158  10:32  Viking x4  
  165  10:35  Marauder  
  154  10:50  SCV x2  
  154  10:51  SCV  
  154  10:53  Marine x2  
  154  10:54  Marine, Marauder x3  
  127  10:57  Marine x5  
  127  10:58  Marauder  
  126  11:11  Marine x3  
  126  11:15  Marine x4, Marauder x2  
  126  11:16  Marauder  
  121  11:19  Marauder  
  121  11:21  SCV x2  
  121  11:25  Marine  
  117  11:29  Marine x2  
  117  11:30  Marine  
  106  11:33  Marine  
  106  11:37  Marauder x3  
  110  11:40  Marauder  
  110  11:45  Command Center  
  112  11:53  Marine x2  
  112  11:54  Marine x3  
  115  11:58  Marauder x3  
  123  12:02  Marauder  
  125  12:16  Marine, Command Center  
  125  12:17  Marine x3  
  125  12:18  Marine x3  
  125  12:19  Marauder  
  125  12:20  Marauder  
  134  12:34  Marine  
  134  12:35  Marine x4, Marauder x2  
  135  12:41  Marauder x2  
  138  12:55  Marine x2  
  138  12:56  Marine, Marauder  
  138  12:57  Marauder  
  145  13:03  Planetary Fortress  
  145  13:08  SCV x2  
  147  13:25  Marine  
Tags
 
Add a new tag
Caveats
  • Supply blocks, unpowered buildings, or Contaminate may cause inaccurate times.
  • Supply counts are checked every 10 seconds.